 Dungeon Crawl Stone Soup version 0.23.1 (webtiles) character file.

Game seed: 14946796312502133093

345 Fang the Skirmisher (level 6, -1/40 HPs)
             Began as a Gargoyle Berserker on Mar 13, 2019.
             Was a Believer of Trog.
             Slain by an orc wizard
             ... wielding a +0 dagger
              (2 damage)
             ... on level 4 of the Dungeon.
             The game lasted 00:04:32 (3585 turns).

Fang the Skirmisher (Gargoyle Berserker)            Turns: 3585, Time: 00:04:33

Health: -1/40      AC:  6    Str: 22    XL:     6   Next: 58%
Magic:  0/6        EV: 12    Int:  8    God:    Trog [**....]
Gold:   107        SH:  0    Dex:  9    Spells: 5/5 levels left

rFire    . . .     SeeInvis .   a - +0 hand axe
rCold    . . .     Gourm    .   (no shield)
rNeg     + . .     Faith    .   b - +0 animal skin
rPois    ∞         Spirit   +   (no helmet)
rElec    +         Reflect  .   (no cloak)
rCorr    .         Harm     .   (no gloves)
MR       .....                  (no boots)
Stlth    +.........             v - amulet of guardian spirit
HPRegen  0.13/turn              (no ring)
MPRegen  0.10/turn              (no ring)

@: berserk cooldown, slowed, very slow
A: negative energy resistance 1, electricity resistance, unbreathing,
petrification resistance, rot immunity, AC +4
a: Berserk, Trog's Hand, Renounce Religion


You were on level 4 of the Dungeon.
You worshipped Trog.
Trog was pleased with you.
You were hungry.

You visited 1 branch of the dungeon, and saw 4 of its levels.

You collected 107 gold pieces.

Inventory:

Hand Weapons
 a - a +0 hand axe (weapon)
Armour
 b - a +0 animal skin (worn)
Jewellery
 v - an amulet of guardian spirit (around neck)
Wands
 o - a wand of flame (8)
Scrolls
 d - 2 scrolls of enchant armour {unknown}
 i - 4 scrolls of identify {unknown}
 k - 3 scrolls of teleportation {unknown}
 l - 4 scrolls of remove curse {unknown}
 m - 3 scrolls of fog {unknown}
 p - a scroll of enchant weapon {unknown}
 q - 3 scrolls of immolation {unknown}
 r - a scroll of blinking {unknown}
 s - a scroll of amnesia {unknown}
Potions
 e - a potion of agility {unknown}
 f - a potion of magic {unknown}
 g - 4 potions of curing {unknown}
 h - a potion of flight {unknown}
 j - a potion of ambrosia {unknown}
 n - a potion of might {unknown}
 u - a potion of cancellation {unknown}
 w - a potion of heal wounds {unknown}
Comestibles
 c - 6 rations
 t - a chunk of flesh


   Skills:
 + Level 4.8 Fighting
 + Level 4.0 Axes
 + Level 4.1 Armour
 + Level 3.0 Dodging


You had 5 spell levels left.
You didn't know any spells.
Your spell library was empty.

Dungeon Overview and Level Annotations

Branches:
Dungeon (4/15)
 Temple: D:4-7

Altars:
Nemelex Xobeh


Innate Abilities, Weirdness & Mutations

You are resistant to torment.
Your stone body is resilient. (AC +4)
You are immune to poison.
You resist negative energy. (rN+)
You are resistant to electric shocks. (rElec)
You can survive without breathing.
You are immune to petrification.
You are immune to rotting.


Message History

You completely miss something. Something completely misses you.
You closely miss something.
You hear some strange, mumbled words.
A magic dart appears from out of thin air!
The magic dart hits you.
* * * LOW HITPOINT WARNING * * *
You barely miss something. Something hits you but does no damage.
You miss something. Something hits you but does no damage.
You miss something. Something hits you.
* * * LOW HITPOINT WARNING * * *
Something hits you.
* * * LOW HITPOINT WARNING * * *
You closely miss something. You barely miss something.
Something hits you but does no damage.
You miss something.
You are no longer berserk.
You are exhausted.
You feel yourself slow down. Something hits you but does no damage.
You barely miss something. Something hits you.
You die...

#(###########.#.###
#(# #.#.# #
#.######## #.#.#
#.#))....... ..#.#
#.#......... (.#.#
#.#........#
#..........#
..###..[{...##.
........@..#...
..####..........
.........##.#
##.#.......#
...#......... ...
#.(.##..### ....
..... .... ...
..#... ....


There were no monsters in sight!

Vanquished Creatures
  Duvessa (D:4)
  Dowan (D:4)
  Crazy Yiuf (D:2)
  2 worker ants
  Terence (D:2)
  Robin (D:2)
  An adder (D:3)
  An ooze (D:3)
  2 worms (D:2)
  A dart slug (D:2)
  3 orcs (D:4)
  3 giant cockroaches
  17 goblins
  6 hobgoblins
  2 quokkas
  5 bats
  6 frilled lizards
  4 kobolds
  9 rats
67 creatures vanquished.

Notes
Turn   | Place    | Note
-------+----------+-------------------------------------------
     0 | D:1      | Fang the Gargoyle Berserker began the quest for the Orb.
     0 | D:1      | Reached XP level 1. HP: 14/14 MP: 1/1
   142 | D:1      | Reached XP level 2. HP: 14/19 MP: 2/2
   785 | D:2      | Noticed Robin
   789 | D:2      | Reached ** piety under Trog
   793 | D:2      | Reached XP level 3. HP: 23/23 MP: 3/3
   797 | D:2      | Killed Robin
   939 | D:2      | Reached XP level 4. HP: 9/29 MP: 4/4
  1410 | D:2      | Found a runed translucent door.
  1411 | D:2      | Noticed Crazy Yiuf
  1948 | D:2      | Noticed Terence
  1966 | D:2      | Killed Terence
  2198 | D:2      | Found a sparkling altar of Nemelex Xobeh.
  2419 | D:2      | Killed Crazy Yiuf
  2419 | D:2      | Reached XP level 5. HP: 33/33 MP: 5/5
  3429 | D:4      | Noticed Duvessa
  3431 | D:4      | Noticed Dowan
  3442 | D:4      | Killed Dowan
  3445 | D:4      | Killed Duvessa
  3445 | D:4      | Reached XP level 6. HP: 7/39 MP: 1/6
  3581 | D:4      | HP: 2/60 [something (3)]
  3585 | D:4      | Slain by an orc wizard

Skill      XL: |  1  2  3  4  5  6 |
---------------+-------------------+-----
Axes           | 3 4 |  4.0
Dodging        | 2 3 |  3.0
Armour         | 3 4 |  4.1
Fighting       | 4 |  4.8

Action                   |  1- 3 |  4- 6 || total
-------------------------+-------+-------++-------
Melee: Hand axe          |    55 |   157 ||   212
Invok: Berserk           |     1 |     4 ||     5
       Trog's Hand       |       |     1 ||     1
 Stab: Sleeping          |     1 |       ||     1
  Eat: Chunk             |     1 |    12 ||    13
Armor: Animal skin       |    13 |    59 ||    72
Dodge: Dodged            |    32 |    90 ||   122
